 Dungeon Crawl Stone Soup version 0.31-a0-96-g196d5507e3 (console) character file.

Game seed: 169295699028413637

4448 Ignak the Fighter (level 10, 0/104 HPs)
             Began as an Ogre Hedge Wizard on May 26, 2023.
             Was a Priest of Okawaru.
             Killed by vampiric draining
             ... invoked by a vampire
              (25 damage)
             ... on level 7 of the Dungeon.
             The game lasted 00:23:08 (9736 turns).

Ignak the Fighter (Ogre Hedge Wizard)               Turns: 9736, Time: 00:23:09

Health: 0/104      AC:  4    Str: 24    XL:     10   Next: 37%
Magic:  19/21      EV: 11    Int: 17    God:    Okawaru [***...]
Gold:   213        SH:  0    Dex:  8    Spells: 16/24 levels left

rFire   . . .        b - +3 flail (holy)
rCold   . . .        (no shield)
rNeg    . . .        y - +0 robe
rPois   .            H - +0 hat
rElec   .            u - +0 cloak
rCorr   .            (gloves unavailable)
SInv    .            (boots unavailable)
Will    +....        (no amulet)
Stlth   +            f - +6 ring of strength
HPRegen 0.37/turn    C - +4 ring of slaying
MPRegen 0.17/turn

%: no passive effects
@: on blink cooldown
A: large, unfitting armour, tough skin 1
a: Renounce Religion, Heroism


You were on level 7 of the Dungeon.
You worshipped Okawaru.
Okawaru was most pleased with you.
You visited 2 branches of the dungeon, and saw 8 of its levels.

You collected 213 gold pieces.

Inventory:

Hand Weapons
 a - a +4 war axe of venom
 b - a +3 flail of holy wrath (weapon)
 c - the +11 long sword "Grim Tooth" {drain, *Noise rPois Will+++ Dex-3}
   (You found it on level 6 of the Dungeon)

   Dex:       It affects your dexterity (-3).
   rPois:     It protects you from poison.
   *Noise:    It may make noises in combat.
   Will:      It greatly increases your willpower.
 s - a +3 morningstar
Missiles
 z - 10 poisoned darts
Armour
 u - a +0 cloak (worn)
 y - a +0 robe (worn)
 H - a +0 hat (worn)
Magical Staves
 l - a staff of conjuration
Jewellery
 f - a +6 ring of strength (left hand)
 g - an amulet of faith
 C - a +4 ring of slaying (right hand)
Wands
 d - a wand of charming (26)
 p - a wand of flame (7)
 q - a wand of polymorph (11)
Scrolls
 e - a scroll of silence {unknown}
 h - 2 scrolls of enchant weapon {unknown}
 i - a scroll of magic mapping {unknown}
 j - 2 scrolls of teleportation {unknown}
 o - a scroll of fear
 t - a scroll of blinking {unknown}
 v - 2 scrolls of noise {unknown}
 A - a scroll of summoning {unknown}
Potions
 k - a potion of mutation {unknown}
 n - a potion of haste {unknown}
 r - a potion of berserk rage {unknown}
 w - 2 potions of invisibility {unknown}
 x - a potion of lignification {unknown}
 B - a potion of ambrosia {unknown}
 D - a potion of attraction {unknown}


   Skills:
 + Level 8.1 Fighting
 * Level 4.6(5.5) Axes
 - Level 3.9(4.8) Maces & Flails
 + Level 5.8 Dodging
 - Level 1.4 Stealth
 + Level 7.5 Spellcasting
 - Level 3.0 Conjurations
 - Level 1.4 Summonings
 - Level 3.0 Translocations
 - Level 2.0 Air Magic
 - Level 2.0 Poison Magic
 + Level 5.2 Invocations


You had 16 spell levels left.
You knew the following spells:

 Your Spells              Type           Power      Damage    Failure   Level
a - Magic Dart            Conj           64%        1d6       3%          1
b - Blink                 Tloc           32%        N/A       4%          2
d - Mephitic Cloud        Conj/Pois/Air  10%        N/A       22%         3
e - Call Imp              Summ           22%        N/A       10%         2

Your spell library contained the following spells:

 Spells                   Type           Power      Damage    Failure   Level
 Slow                     Hex            24%        N/A       11%         1
 Cigotuvi's Dreadful Rot  Necr/Pois/Air  12%        N/A       16%         2
 Portal Projectile        Hex/Tloc       16%        N/A       26%         3
 Leda's Liquefaction      Hex/Erth       1%         N/A       85%         4
 Call Canine Familiar     Summ           Unusable   N/A       N/A         3

Dungeon Overview and Level Annotations

Branches:
Dungeon (7/15)             Temple (1/1) D:6

Altars:
Ashenzari
Cheibriados
Dithmenos
Elyvilon
Fedhas
Gozag
Hepliaklqana
Kikubaaqudgha
Makhleb
Nemelex Xobeh
Okawaru
Qazlal
Sif Muna
Trog
Uskayaw
Vehumet
Wu Jian
Xom
Yredelemnul
Zin

Shops:
D:2 ?


Innate Abilities, Weirdness & Mutations

You are too large for most types of armour.
You have tough skin. (AC +1)


Message History

The vampire drinks a potion.
The vampire's spells are empowered!
The vampire mumbles some strange words.
The vampire flickers and vanishes!
Deactivating autopickup; reactivate with Ctrl-A.
There is an open door here.
Something hits you but does no damage. Something bites you!
Something draws strength from your injuries!
Something hits you!
There is an open door, spattered with blood here.
Something hits you. Something bites you!
Something draws strength from your injuries!
You barely miss something. Something hits you! Something bites you.
Something draws strength from your injuries!
You closely miss something. Your punch misses something.
You hear some strange, mumbled words.
You are confused.
You miss something. Something hits you! Something bites you.
Something draws strength from your injuries!
Something hits you! Something bites you!
* * * LOW HITPOINT WARNING * * *
Something draws strength from your injuries!
Something hits you!
* * * LOW HITPOINT WARNING * * *
Something bites you but does no damage.
You completely miss something.
You hear some strange, mumbled words.
Something tries to affect you, but you resist.
You feel better.
You hear some strange, mumbled words.
Something tries to affect you, but you resist.
Casting: Mephitic Cloud (dangerous; 22% risk of failure)
Confirm with . or Enter, or press ? or * to list all spells.
You blink.
Aiming: Throw Flame
Press: ? - help, Shift-Dir - straight line The puff of flame hits something but does no damage.
You hear some strange, mumbled words.
Something tries to affect you, but you resist.
You thump something! Something draws life force from you!!
You die...

# # # # # #
################# #
#......##.......# #
####.@....##.......###
........{...''........#
#.####......##........#
#....<.'..######.#
#......##.# #.#
#.......#.# #.#
#.......#.# #.#
#......##.# #.#
...........# #.##


There were no monsters in sight!

Vanquished Creatures
  A two-headed ogre (D:7)
  A gargoyle (D:7)
  Menkaure (D:7)
  3 water moccasins
  Edmund (D:4)
  3 black bears
  An orc warrior (D:7)
  2 ice beasts (D:6)
  3 sky beasts
  2 phantoms (D:5)
  A kobold brigand (D:7)
  A bullfrog (D:7)
  3 scorpions
  A water moccasin zombie (D:5)
  13 wights
  4 killer bees (D:7)
  5 howler monkeys
  A bullfrog zombie (D:5)
  2 hounds (D:5)
  2 jellies (D:5)
  3 iguanas
  A scorpion zombie (D:5)
  Natasha (thrice) (D:2)
  A killer bee zombie (D:5)
  3 hound zombies (D:5)
  A hound skeleton (D:5)
  6 adders
  8 gnolls
  2 shadow imps
  An ufetubus (D:5)
  5 dart slugs
  5 orcs
  5 ball pythons
  8 endoplasms
  7 goblins
  4 hobgoblins
  8 kobolds
  A quokka (D:5)
  8 bats
  3 frilled lizards
  5 rats
139 creatures vanquished.

Vanquished Creatures (collateral kills)
  A gnoll (D:4)
  3 adders
  A worm (D:2)
  A kobold (D:2)
  A ball python (D:2)
  A rat (D:2)
8 creatures vanquished.

Vanquished Creatures (others)
  A hound (D:6)
1 creature vanquished.

Grand Total: 148 creatures vanquished

Notes
Turn   | Place    | Note
-------+----------+-------------------------------------------
     0 | D:1      | Ignak the Ogre Hedge Wizard began the quest for the Orb.
     0 | D:1      | Reached XP level 1. HP: 16/16 MP: 5/5
   237 | D:1      | Reached skill level 1 in Conjurations
   237 | D:1      | Reached skill level 1 in Summonings
   237 | D:1      | Reached skill level 1 in Translocations
   244 | D:1      | Reached XP level 2. HP: 17/26 MP: 6/6
   362 | D:1      | Learned a level 2 spell: Blink
   365 | D:1      | Learned a level 2 spell: Call Imp
   521 | D:1      | Reached skill level 1 in Fighting
   725 | D:1      | Reached XP level 3. HP: 33/33 MP: 6/8
   868 | D:1      | Learned a level 3 spell: Mephitic Cloud
  1408 | D:2      | Found Aganas's Magic Scroll Shoppe.
  1726 | D:2      | Reached XP level 4. HP: 41/41 MP: 6/9
  1739 | D:2      | Noticed Natasha
  1746 | D:2      | Killed Natasha
  1795 | D:2      | Noticed Natasha
  1800 | D:2      | Killed Natasha
  1801 | D:2      | Reached skill level 2 in Fighting
  1817 | D:2      | Noticed Natasha
  1837 | D:2      | Killed Natasha
  1838 | D:2      | Reached XP level 5. HP: 40/49 MP: 1/11
  2972 | D:4      | Reached skill level 1 in Air Magic
  3141 | D:4      | Reached skill level 1 in Axes
  3141 | D:4      | Reached skill level 1 in Poison Magic
  3141 | D:4      | Reached XP level 6. HP: 21/59 MP: 10/12
  4027 | D:4      | Noticed Edmund
  4049 | D:4      | Killed Edmund
  4050 | D:4      | Reached skill level 3 in Fighting
  4169 | D:4      | You fall into a shaft and drop 3 floors!
  4185 | D:7      | Reached XP level 7. HP: 60/67 MP: 9/13
  4498 | D:6      | Found a staircase to the Ecumenical Temple.
  4508 | Temple   | Entered the Ecumenical Temple
  4607 | Temple   | Became a worshipper of Warmaster Okawaru
  4642 | D:6      | Reached skill level 1 in Maces & Flails
  4732 | D:5      | Entered Level 5 of the Dungeon
  5099 | D:5      | Reached skill level 4 in Fighting
  5099 | D:5      | Reached skill level 5 in Spellcasting
  5155 | D:5      | Reached XP level 8. HP: 56/78 MP: 15/15
  5367 | D:5      | Reached * piety under Okawaru
  5652 | D:5      | Reached skill level 5 in Fighting
  5652 | D:5      | Reached skill level 1 in Invocations
  6084 | D:5      | Found a snail-covered altar of Cheibriados.
  6117 | D:5      | HP: 4/81 [poisoned by a water moccasin]
  6375 | D:5      | Found an opulent altar of Gozag.
  6598 | D:6      | Reached ** piety under Okawaru
  6653 | D:6      | Reached XP level 9. HP: 89/89 MP: 18/18
  6672 | D:6      | Identified the +11 long sword "Grim Tooth" {drain, *Noise
                  | rPois Will+++ Dex-3}
  6753 | D:6      | Reached skill level 6 in Fighting
  7290 | D:6      | Found a sparkling altar of Nemelex Xobeh.
  7741 | D:7      | Reached skill level 5 in Dodging
  8125 | D:7      | Reached skill level 7 in Fighting
  8262 | D:7      | HP: 2/80 [poisoned by a water moccasin]
  8506 | D:7      | Found a shimmering altar of Xom.
  8638 | D:7      | Reached *** piety under Okawaru
  8923 | D:7      | Noticed Menkaure
  9141 | D:7      | Killed Menkaure
  9142 | D:7      | Reached XP level 10. HP: 102/102 MP: 20/20
  9330 | D:7      | Noticed a two-headed ogre
  9332 | D:7      | Noticed a gargoyle
  9338 | D:7      | Killed a gargoyle
  9346 | D:7      | Killed a two-headed ogre
  9347 | D:7      | Reached skill level 8 in Fighting
  9347 | D:7      | Reached skill level 5 in Invocations
  9407 | D:7      | Identified the +7 plate armour of Weightlessness {Will+
                  | Regen+ Int-4 Slay+2}
  9736 | D:7      | Killed from afar by a vampire

Illustrated notes

Levels and vault maps discovered:
D:1:      dpeg_arrival_signposts, layout_loops_corners
D:2:      layout_rooms, serial_shops, shop_fountains, uniq_natasha
D:3:      layout_basic
D:4:      layout_cave_pods, uniq_edmund
D:5:      layout_basic, mainiacjoe_overflow_two_lobes, serial_undead,
          serial_undead_d, serial_undead_b, serial_undead_e, serial_undead_b,
          serial_undead_d, serial_undead_e, minmay_misc_feat_enclosed
D:6:      layout_loops_corners, nemelex_diamond_rough_becter, temple_statues,
          lemuel_flamethrower_2
D:7:      nzn_winding_woodlands_three_and_one
          [nzn_winding_woodlands_5x15_default,
          nzn_winding_woodlands_5x15_concentric,
          nzn_winding_woodlands_5x15_pool,
          nzn_winding_woodlands_center_diamonds], layout_basic,
          mainiacjoe_overflow_catwalk, uniq_menkaure
Temple:   minmay_temple_bridge_d

Skill      XL: |  1  2  3  4  5  6  7  8  9 10 |
---------------+-------------------------------+-----
Conjurations   | 1 2 3 |  3.0
Summonings     | 1 |  1.4
Translocations | 1 2 3 |  3.0
Fighting       | 1 2 3 4 5 7 8 |  8.1
Dodging        | 2 3 4 5 |  5.8
Spellcasting   | 4 5 6 7 |  7.5
Air Magic      | 1 2 |  2.0
Axes           | 1 3 4 |  4.6
Poison Magic   | 1 2 |  2.0
Maces & Flails | 1 3 |  3.9
Invocations    | 2 4 5 |  5.2
Stealth        | |  1.4

Action                     |  1- 3 |  4- 6 |  7- 9 | 10-12 || total
---------------------------+-------+-------+-------+-------++-------
  Melee: Dagger            |    44 |       |       |       ||    44
         Spear             |    68 |       |       |       ||    68
         War axe           |       |   101 |    24 |    13 ||   138
         Unarmed           |       |     6 |       |       ||     6
         Punch             |       |     1 |     1 |       ||     2
         Flail             |       |     9 |   164 |     5 ||   178
         Long sword        |       |       |    27 |     3 ||    30
   Cast: Magic Dart        |    13 |     1 |     2 |       ||    16
         Call Imp          |     7 |    10 |     8 |       ||    25
         Blink             |     3 |     3 |     7 |     3 ||    16
         Mephitic Cloud    |       |     4 |    11 |     4 ||    19
 Invoke: Heroism           |       |       |     2 |       ||     2
  Evoke: Wand              |       |       |     9 |     1 ||    10
    Use: Potion            |       |     2 |     3 |     2 ||     7
         Scroll            |       |     2 |     3 |       ||     5
   Stab: Sleeping          |     1 |     2 |     2 |       ||     5
         Distracted        |       |     1 |       |       ||     1
         Confused          |       |     3 |     5 |       ||     8
 Armour: Robe              |    42 |    38 |    57 |     3 ||   140
         Skin              |       |    15 |       |       ||    15
  Dodge: Dodged            |    38 |    87 |   113 |     9 ||   247

Table legend: (Time is in decaauts)
 A = Elapsed time spent in this place.
 B = Non-inter-level travel time spent in this place.
 C = Inter-level travel time spent in this place.
 D = Time resting spent in this place.
 E = Time spent auto-exploring this place.
 F = Levels seen in this place.
 G = Mean time per level.
                   A        B        C        D        E       F      G
               +--------+--------+--------+--------+--------+-----+--------+
         Total |   9853 |   9630 |    223 |   2119 |   5257 |   8 | 1231.6 |
       Dungeon |   9733 |   9510 |    223 |   2119 |   5195 |   7 | 1390.4 |
        Temple |    119 |    119 |      0 |      0 |     62 |   1 |  119.0 |
               +--------+--------+--------+--------+--------+-----+--------+

Top non-repeatable levels by time:
     D:6: 1917 daAuts
     D:7: 1723 daAuts
     D:5: 1549 daAuts
     D:1: 1474 daAuts
     D:4: 1164 daAuts
     D:3: 1163 daAuts
     D:2: 740 daAuts
  Temple: 119 daAuts
